 Dungeon Crawl Stone Soup version 0.26.1-2-gb8aa6d0cf2 (webtiles) character file.

Game seed: 14295487107375906662

8 jlumianski the Grasshopper (level 2, -2/26 HPs)
             Began as a Gnoll Warper on Mar 27, 2021.
             Was an Initiate of Vehumet.
             Slain by a gnoll
             ... wielding a +0 club
              (6 damage)
             ... in the Ecumenical Temple.
             The game lasted 00:02:52 (559 turns).

jlumianski the Grasshopper (Gnoll Warper)            Turns: 559, Time: 00:02:53

Health: -2/26      AC:  3    Str: 13    XL:     2   Next: 8%
Magic:  5/7        EV: 13    Int: 15    God:    Vehumet [......]
Gold:   9          SH:  3    Dex: 14    Spells: 8/10 levels left

rFire    . . .     SeeInvis .   a - +0 hand axe
rCold    . . .     Faith    .   c - +0 buckler
rNeg     . . .     Spirit   .   b - +0 leather armour
rPois    .         Reflect  .   (no helmet)
rElec    .         Harm     .   (no cloak)
rCorr    .         Rampage  .   (no gloves)
Will     .....                  (no boots)
Stlth    +.........             (no amulet)
HPRegen  0.08/turn              (no ring)
MPRegen  0.10/turn              (no ring)

@: no status effects
A: distributed training, fangs 1, strong nose
a: Renounce Religion


You were in the Ecumenical Temple.
You worshipped Vehumet.
Vehumet was noncommittal.
You visited 2 branches of the dungeon, and saw 4 of its levels.

You collected 9 gold pieces.

Inventory:

Hand Weapons
 a - a +0 hand axe (weapon)
Missiles
 e - 4 boomerangs of dispersal
 g - 2 stones (quivered)
Armour
 b - a +0 leather armour (worn)
 c - a +0 buckler (worn)
Scrolls
 d - a scroll of blinking
Potions
 f - a potion of cancellation {unknown}
 h - a potion of brilliance {unknown}


   Skills:
 + Level 4.4 Fighting
 + Level 0.2 Short Blades
 + Level 0.2 Long Blades
 + Level 4.4 Axes
 + Level 0.2 Maces & Flails
 + Level 0.2 Polearms
 + Level 0.2 Staves
 + Level 0.2 Slings
 + Level 0.2 Bows
 + Level 0.2 Crossbows
 + Level 2.4 Throwing
 + Level 2.4 Armour
 + Level 4.4 Dodging
 + Level 0.2 Stealth
 + Level 0.2 Shields
 + Level 0.2 Unarmed Combat
 + Level 4.9 Spellcasting
 + Level 0.1 Conjurations
 + Level 0.1 Hexes
 + Level 0.1 Summonings
 + Level 0.1 Necromancy
 + Level 5.3 Translocations
 + Level 0.1 Transmutations
 + Level 0.1 Fire Magic
 + Level 0.1 Ice Magic
 + Level 0.1 Air Magic
 + Level 0.1 Earth Magic
 + Level 0.1 Poison Magic
 + Level 0.3 Invocations
 + Level 0.2 Evocations


You had 8 spell levels left.
You knew the following spells:

 Your Spells              Type           Power        Failure   Level
a - Blink                 Tloc           N/A          5%          2

Your spell library contained the following spells:

 Spells                   Type           Power        Failure   Level
 Gell's Gravitas          Tloc           9%           11%         3
 Lesser Beckoning         Tloc           9%           11%         3
 Teleport Other           Tloc           19%          11%         3
 Passage of Golubria      Tloc           N/A          36%         4


Dungeon Overview and Level Annotations

Branches:
Dungeon (4/15)             Temple (1/1) D:4

Altars:
Ashenzari
Fedhas
Nemelex Xobeh
Trog
Uskayaw
Vehumet
Yredelemnul
Zin


Innate Abilities, Weirdness & Mutations

Your experience applies equally to all skills.
You have very sharp teeth.
Your uncanny sense of smell can sniff out nearby items.


Message History

Press: ? - help, Q - select action, (/) - cycle Shift-Dir - straight line, f - gnoll
Aim: a gnoll, wielding a +0 club (65% to hit)
You throw a stone.
The stone hits the gnoll but does no damage.
Throw: 3 stones
Press: ? - help, Q - select action, (/) - cycle Shift-Dir - straight line, f/p - gnoll
Aim: a gnoll, wielding a +0 club (65% to hit)
You throw a stone. The stone hits the gnoll.
The gnoll is lightly wounded.
You barely miss the gnoll.
The gnoll is lightly wounded.
The gnoll hits you with a +0 club.
* * * LOW HITPOINT WARNING * * *
Your leather armour prevents you from hitting the gnoll.
The gnoll is lightly wounded.
The gnoll hits you but does no damage.
You barely miss the gnoll. You bite the gnoll, but do no damage.
The gnoll is lightly wounded.
The gnoll hits you with a +0 club.
You die...

#.....##'##.....## #.
#####...............#####
#.
##...##....⌠...⌠....##...##
##
#.....#.............#.....#
#
#.....'......<......'.....#
#.....#........(....#.....#
#
##...##....⌠...⌠....##...##
##
#####.......g.......#####
#. #.....##@##.....## #.
#....###...###....### #.
.....###.....###.....######
....## #.._..# ##.......###
#.....# #.......... ##...##
##......... #####
###....... ####.... #####


You could see a gnoll.

Vanquished Creatures
  A dart slug (D:1)
  A leopard gecko (D:1)
  A goblin (D:1)
  A kobold (D:1)
  2 rats (D:1)
6 creatures vanquished.

Notes
Turn   | Place    | Note
-------+----------+-------------------------------------------
     0 | D:1      | jlumianski the Gnoll Warper began the quest for the Orb.
     0 | D:1      | Reached XP level 1. HP: 20/20 MP: 6/6
   238 | D:1      | Reached XP level 2. HP: 26/26 MP: 7/7
   241 | D:1      | Learned a level 2 spell: Blink
   265 | D:2      | You fall into a shaft and drop 2 floors!
   302 | D:4      | Found a staircase to the Ecumenical Temple.
   308 | Temple   | Entered the Ecumenical Temple
   493 | Temple   | Became a worshipper of Vehumet
   559 | Temple   | Slain by a gnoll

Illustrated notes

Levels and vault maps discovered:
D:1:      nicolae_arrival_memento_mori, layout_basic
D:2:      layout_loops_cross, lemuel_doored_altar, kennysheep_generic_room_2
D:4:      layout_rooms, lemuel_crystal_altar, elyvilon_altar_4,
          minmay_temple_entry_mini_moons, uniq_blork_the_orc
Temple:   minmay_temple_curvy_branch

Action                   || total
-------------------------++-------
Melee: Hand axe          ||    20
       Bite              ||     2
Throw: Stone             ||     3
       Boomerang         ||     1
 Cast: Blink             ||     1
Armor: Leather armour    ||     3
Dodge: Dodged            ||    21
Block: Buckler           ||     3
